Map: Stargazers

Players

Gorillatore - Winner!

  • Race: Zerg Zerg
  • Spawn Location: 1:00

VOD

Have the link to the VOD?

Description

Time

  • Played on: Sept. 14, 2022, 3:07 p.m.
  • Length: 15:21
Show
View Real Time Build Order
Export as new Build Order

Gorillatore Zerg - Winner!

Build Orders:  

Get SALT Encoding   

  12  0:01  Drone  
  13  0:23  Overlord  
  13  1:08  Drone x2  
  15  1:10  Drone  
  16  1:40  Hatchery  
  16  1:43  Extractor  
  16  1:45  Drone  
  15  1:51  Overlord  
  15  2:03  Drone  
  15  2:05  Spawning Pool  
  15  2:12  Drone  
  16  2:26  Drone  
  17  2:41  Drone  
  18  3:13  Queen  
  20  3:21  Queen  
  20  3:26  Zergling x2  
  20  3:27  Zergling x2  
  24  3:31  Overlord  
  24  3:46  Drone x2  
  26  4:01  Drone x3  
  26  4:03  Queen  
  31  4:24  Metabolic Boost  
  31  4:32  Drone  
  31  4:33  Drone x3  
  31  4:38  Overlord  
  35  4:56  Queen x2  
  39  5:26  Overlord, Hatchery  
  39  5:27  Overlord  
  39  5:29  Drone x2  
  40  5:33  Drone  
  41  5:50  Roach Warren  
  40  6:01  Drone x3  
  40  6:02  Drone x2  
  40  6:05  Overlord  
  45  6:30  Drone  
  45  6:31  Drone x2  
  48  6:44  Drone x5  
  53  6:59  Roach  
  55  7:00  Roach x2  
  59  7:11  Drone  
  59  7:19  Roach x2  
  64  7:20  Roach  
  64  7:24  Roach x2  
  64  7:25  Roach x2  
  74  7:34  Overlord  
  74  8:09  Roach  
  76  8:10  Roach x3  
  82  8:26  Drone x3  
  85  8:41  Roach x2  
  85  8:45  Overlord x2  
  89  9:00  Overlord x2  
  89  9:13  Roach  
  89  9:14  Roach x5  
  89  9:15  Roach x2  
  105  9:51  Roach x4  
  105  9:52  Roach x3  
  105  9:54  Overlord x3  
  105  9:57  Overlord  
  119  10:11  Zergling x2  
  120  10:21  Extractor  
  120  10:26  Drone x2  
  120  10:28  Drone  
  120  10:29  Roach x2  
  126  10:30  Zergling x6  
  126  10:31  Zergling x2  
  126  10:32  Zergling x2  
  131  11:12  Roach x4  
  139  11:24  Drone  
  139  11:25  Drone x3  
  139  11:28  Overlord x2  
  144  12:22  Roach x4  
  144  12:23  Roach x3  
  144  12:26  Overlord x3  
  156  13:33  Roach x4  
  156  13:34  Roach x3  
  156  13:35  Roach  
  171  14:19  Overlord  
  171  14:20  Overlord  
  171  14:21  Overlord  
  171  14:27  Drone x2  
  171  14:29  Roach x2  
  88  14:30  Overlord, Hatchery, Roach  
Tags
 
Matchup
Co-op
Add a new tag
Caveats
  • Supply blocks, unpowered buildings, or Contaminate may cause inaccurate times.
  • Supply counts are checked every 10 seconds.